 Dungeon Crawl Stone Soup version 0.22.0-25-g7663229 (console) character file.

92069 removed the Bludgeoner (level 16, -14/185 HPs)
             Began as an Ogre Venom Mage on Aug 20, 2018.
             Was a High Priest of Okawaru.
             Demolished by a brown ugly thing (17 damage)
             ... on level 15 of the Dungeon.
             The game lasted 01:21:37 (46041 turns).

removed the Bludgeoner (Ogre Venom Mage)           Turns: 46041, Time: 01:21:38

Health: -14/185    AC:  0    Str: 21    XL:     16   Next: 5%
Magic:  22/22      EV: 11    Int: 16    God:    Okawaru [*****.]
Gold:   1823       SH:  0    Dex:  9    Spells: 17/23 levels left

rFire    + . .     SeeInvis +   b - +0 giant spiked club
rCold    + . .     Gourm    +   (shield currently unavailable)
rNeg     . . .     Faith    .   f - +2 troll leather armour {Snorg}
rPois    +         Spirit   .   V - +0 hat "Arukya" {rPois rF+} (curse)
rElec    .         Reflect  .   e - +2 cloak {rC+}
rCorr    .         Harm     .   (gloves unavailable)
MR       +....                  (boots unavailable)
Stlth    +.........             J - amulet of the gourmand
HPRegen  0.80/turn              U - ring of poison resistance
MPRegen  0.18/turn              t - ring of see invisible

@: corroded
A: large, unfitting armour, tough skin 1
a: Heroism, Finesse, Renounce Religion


You were on level 15 of the Dungeon.
You worshipped Okawaru.
Okawaru was extremely pleased with you.
You were not hungry.

You visited 4 branches of the dungeon, and saw 22 of its levels.
You also visited: Ice Cave.

You collected 1823 gold pieces.

Inventory:

Hand Weapons
 a - a +0 giant club
 b - a +0 giant spiked club (weapon)
 c - a +2 whip of electrocution
 g - a +0 blowgun
Missiles
 y - 8 curare-tipped needles
 P - 2 throwing nets (quivered)
 W - 4 large rocks
Armour
 d - a +2 robe of resistance
 e - a +2 cloak of cold resistance (worn)
 f - a +2 troll leather armour (worn) {Snorg}
 i - the +2 robe "Heasugow" {rElec rF- rN+ Str+6}
   (Okawaru gifted it to you on level 12 of the Dungeon)

   It affects your strength (+6).
   It makes you vulnerable to fire.
   It insulates you from electricity.
   It protects you from negative energy.
 w - a scarf of spirit shield
 D - a +1 cloak of poison resistance
 Q - a +2 shield of protection
 V - the cursed +0 hat "Arukya" (worn) {rPois rF+}
   (You found it in an ice cave)

   It protects you from fire.
   It protects you from poison.
   It has a curse placed upon it.
 Z - a +2 robe of cold resistance
Magical Staves
 A - an uncursed staff of air {!a}
 L - an uncursed staff of death
Jewellery
 n - an uncursed ring of fire
 o - the ring of Ala Ramm {rN+ Int+5}
   (You found it on level 2 of the Lair of Beasts)

   [ring of positive energy]

   It affects your intelligence (+5).
   It protects you from negative energy.
 t - a ring of see invisible (right hand)
 I - an uncursed ring of protection from fire
 J - an amulet of the gourmand (around neck)
 U - a ring of poison resistance (left hand)
Wands
 K - a wand of acid (9)
 N - a wand of paralysis (2)
 O - a wand of iceblast (7)
 Y - a wand of polymorph (29)
Scrolls
 m - 8 scrolls of remove curse
 p - 5 scrolls of amnesia
 u - 6 scrolls of teleportation
 v - a scroll of summoning
 x - 2 scrolls of enchant weapon
 G - 3 scrolls of magic mapping
 H - a scroll of blinking
 X - a scroll of fear
Potions
 h - 3 potions of heal wounds
 j - 4 potions of haste
 l - 2 potions of cancellation
 q - 2 potions of magic
 r - 3 potions of resistance
 s - 8 potions of curing
 z - a potion of brilliance
 B - 7 potions of agility
 C - 2 potions of mutation
 E - 2 potions of invisibility
 F - 3 potions of ambrosia
 M - a potion of lignification
 S - 2 potions of flight
Miscellaneous
 R - a phial of floods
Comestibles
 T - 37 rations


   Skills:
 - Level 17.6 Fighting
 + Level 17.7 Maces & Flails
 - Level 5.4 Armour
 - Level 4.4 Dodging
 - Level 1.4 Stealth
 - Level 4.0 Spellcasting
 - Level 3.1 Conjurations
 - Level 5.2 Poison Magic
 - Level 9.0 Invocations


You had 17 spell levels left.
You knew the following spells:

 Your Spells              Type           Power        Failure   Level  Hunger
a - Sting                 Conj/Pois      ###.         3%          1    None
b - Poisonous Vapours     Pois/Air       ##....       10%         2    ##.....
m - Mephitic Cloud        Conj/Pois/Air  ##......     19%         3    ###....

Your spell library contained the following spells:

 Spells                   Type           Power        Failure   Level  Hunger
 Flame Tongue             Conj/Fire      #....        10%         1    None
 Throw Flame              Conj/Fire      #.....       16%         2    ##.....
 Sandblast                Erth           #.....       19%         1    None
 Olgreb's Toxic Radiance  Pois           ###.....     22%         4    ####...
 Passwall                 Tmut/Erth      #.......     28%         2    ##.....
 Conjure Flame            Conj/Fire      #.......     30%         3    ###....
 Stone Arrow              Conj/Erth      #.....       30%         3    ###....
 Inner Flame              Hex/Fire       #.......     50%         3    ###....
 Venom Bolt               Conj/Pois      ###.......   67%         5    ######.
 Sticky Flame             Conj/Fire      #.......     69%         4    ####...
 Ice Form                 Ice/Tmut       #.......     88%         4    ####...
 Petrify                  Tmut/Erth      #.......     88%         4    ####...
 Fireball                 Conj/Fire      #.........   95%         5    ######.
 Iskenderun's Battlesphe  Conj/Chrm      #.......     95%         5    ######.
 Bolt of Magma            Conj/Fire/Erth #.........   98%         5    ######.
 Lee's Rapid Deconstruct  Erth           #.........   99%         5    ######.
 Metabolic Englaciation   Hex/Ice        #.........   99%         5    ######.
 Bolt of Cold             Conj/Ice       #.........   100%        6    #######
 Freezing Cloud           Conj/Ice/Air   #.........   100%        6    #######
 Iron Shot                Conj/Erth      #.........   100%        6    #######
 Ozocubu's Refrigeration  Ice            #.........   100%        6    #######
 Simulacrum               Ice/Necr       #.........   100%        6    #######
 Orb of Destruction       Conj           ##........   100%        7    #######
 Spellforged Servitor     Conj/Summ      #.........   100%        7    #######


Dungeon Overview and Level Annotations

Branches:
Dungeon (15/15)            Temple (1/1) D:7            Lair (4/6) D:11
 Shoals (0/4) Lair:3        Snake (0/4) Lair:4          Orc (2/2) D:9
    Elf (0/3) Orc:2        Vaults (0/5) D:14
 Depths: D:15

Altars:
Ashenzari
Cheibriados
Dithmenos
Elyvilon
Fedhas
Gozag
Hepliaklqana
Kikubaaqudgha
Makhleb
Nemelex Xobeh
Okawaru
Qazlal
Ru
Sif Muna
Trog
Uskayaw
Vehumet
Wu Jian
Xom
Yredelemnul
Zin
The Shining One
Beogh

Shops:
D:5 [   D:11 (   Orc:1 *   Orc:2 ?:[

Portals:
Trove: D:11 (give 2 scrolls of acquirement)

Annotations:
D:3 1 runed door, KLATTERAL's ghost, weakling HuSk
D:12 Rupert
Lair:1 exclusion: oklob plant
Lair:4 exclusion: 2 oklob plants


Innate Abilities, Weirdness & Mutations

You are too large for most types of armour.
You have tough skin. (AC +1)


Message History

The acid corrodes you!
You are splashed with acid!
The acid burns!
* * * LOW HITPOINT WARNING * * *
The brown ugly thing claws you.
* * * LOW HITPOINT WARNING * * *
The acid corrodes you!
You are splashed with acid!
The acid burns!
* * * LOW HITPOINT WARNING * * *
You puncture the brown ugly thing!
The brown ugly thing is severely wounded.
The cyan ugly thing basks in the mutagenic energy from its kin and changes!
The brown ugly thing stings you but does no damage.
The brown ugly thing claws you!
* * * LOW HITPOINT WARNING * * *
The acid corrodes you!
You are splashed with acid!
The acid burns!
* * * LOW HITPOINT WARNING * * *
You barely miss the brown ugly thing. The brown ugly thing stings you!
* * * LOW HITPOINT WARNING * * *
You are splashed with acid!
The acid burns!
* * * LOW HITPOINT WARNING * * *
The brown ugly thing claws you!
You die... ....# #....).# #...Y##.a.# ....# #......########....#..... ###.# #..................#..... .# #..#####........#####...# .# #..'...####....##. ##.## .# #..#......#....#... #..# .#####..#.....##...## .aT

##.. #........#..(..#....# JJ ##.
#........#...(@#....## #.##T
#........#....uu.....# #T...
#........#######u....## ###.g#.
#...............uu....###.#####
###..............................
.................................
###...............?..............
#...........................###
#..######.......#####+##....#


You could see 5 ugly things.

Vanquished Creatures
  Saint Roka (Orc:2)
  Frances (D:12)
  Louise (D:15)
  Nessos (Orc:2)
  Snorg (Orc:2)
  Josephine (D:13)
  4 hydras
  Erolcha (D:12)
  An ice dragon (D:13)
  A vault guard (D:14)
  2 ogre magi (Orc:2)
  3 centaur warriors
  5 two-headed ogres
  6 death yaks
  A deep troll earth mage (D:11)
  Urug (D:10)
  Nergalle (Lair:1)
  Sonja (Orc:1)
  6 skeletal warriors
  An unseen horror (D:10)
  2 orc knights (D:11)
  A wolf spider zombie (D:14)
  9 ugly things
  4 cyclopes
  2 manticores
  3 oklob plants (D:11)
  10 orc sorcerers
  A moth of wrath (shapeshifter) (D:15)
  3 black mambas
  5 elephants
  2 ice statues (IceCv)
  4 spiny frogs
  3 rime drakes
  A gargoyle (D:10)
  A kobold demonologist (D:11)
  6 komodo dragons
  A freezing wraith (D:14)
  2 yaktaurs (D:15)
  A troll (shapeshifter) (D:15)
  9 ice devils (IceCv)
  7 trolls
  6 polar bears
  A meliai (D:11)
  A hornet (shapeshifter) (D:14)
  Grinder (D:4)
  23 blink frogs
  9 slime creatures
  5 dream sheep (Lair:3)
  A meliai zombie (D:13)
  9 hippogriffs
  2 centaur simulacra
  A tarantella (shapeshifter) (D:15)
  2 water elementals (D:10)
  A yak (shapeshifter) (D:14)
  4 shadows
  5 wraiths (D:14)
  4 wyverns
  43 yaks
  6 vampire mosquitoes
  5 basilisks
  A hungry ghost (D:13)
  3 wargs
  An acid dragon (D:14)
  2 nagas (Lair:4)
  6 water moccasins
  6 porcupines
  2 sky beasts
  2 hornet zombies
  21 orc warriors
  6 ice beasts
  A black bear (D:12)
  2 necrophages
  2 phantoms
  16 ogres
  19 wolves
  2 boggarts (D:15)
  11 centaurs
  6 crocodiles
  A big kobold (shapeshifter) (D:15)
  10 big kobolds
  Blork the orc (D:7)
  2 elf zombies (D:14)
  16 bullfrogs
  A gnoll sergeant (D:9)
  An elf skeleton (D:14)
  A wyvern skeleton (D:8)
  8 scorpions
  5 killer bees (D:10)
  12 wights
  A vampire bat (Lair:4)
  A howler monkey (D:12)
  An electric eel (D:11)
  10 crimson imps
  A bullfrog zombie (D:11)
  2 centaur zombies
  3 human zombies (D:14)
  2 jellies
  13 orc priests
  24 orc wizards
  A wyvern simulacrum (D:11)
  5 hounds
  A bullfrog skeleton (D:7)
  6 centaur skeletons
  3 iguanas
  7 worker ants
  A bullfrog simulacrum (D:11)
  An ogre zombie (D:14)
  A hound skeleton (D:8)
  2 worker ant zombies
  6 gnolls
  13 adders
  3 shadow imps
  16 white imps
  A howler monkey simulacrum (D:11)
  7 ufetubi
  An adder skeleton (D:5)
  2 adder zombies
  4 worms
  3 dart slugs
  5 leopard geckos
  63 orcs
  2 ball pythons
  5 giant cockroaches
  11 hobgoblins
  9 jackals
  2 quokkas
  12 bats
  16 frilled lizards
  11 goblins
  A goblin skeleton (D:4)
  A goblin zombie (D:4)
  A hobgoblin zombie (D:4)
  35 kobolds
  A kobold zombie (D:4)
  A leopard gecko skeleton (D:6)
  2 orc skeletons (D:4)
  An orc zombie (D:14)
  A quokka skeleton (D:8)
  7 rats
742 creatures vanquished.

Vanquished Creatures (collateral kills)
  A bullfrog (Lair:2)
1 creature vanquished.

Vanquished Creatures (others)
  A reaper (IceCv)
  Fannar (D:11)
  A boggart (D:15)
  4 white imps (IceCv)
  2 ufetubi (IceCv)
  11 fungi
  19 plants
  2 withered plants (D:3)
41 creatures vanquished.

Grand Total: 784 creatures vanquished

Notes
Turn   | Place    | Note
-------+----------+-------------------------------------------
     0 | D:1      | removed the Ogre Venom Mage began the quest for the Orb.
     0 | D:1      | Reached XP level 1. HP: 16/16 MP: 3/3
     5 | D:1      | Reached skill level 1 in Conjurations
   406 | D:1      | Reached XP level 2. HP: 13/24 MP: 0/5
  1073 | D:1      | Reached XP level 3. HP: 31/31 MP: 1/6
  1399 | D:2      | Learned a level 2 spell: Poisonous Vapours
  1847 | D:2      | Reached XP level 4. HP: 39/39 MP: 4/7
  2081 | D:2      | Found a white marble altar of Elyvilon.
  2397 | D:3      | Found a shimmering altar of Xom.
  2706 | D:3      | Reached XP level 5. HP: 45/45 MP: 1/10
  3073 | D:3      | Found a runed door.
  3082 | D:3      | Noticed KLATTERAL's ghost (weakling HuSk)
  4001 | D:4      | Found an ancient bone altar of Kikubaaqudgha.
  4004 | D:4      | Found an ornate altar of the Wu Jian Council.
  4005 | D:4      | Found a stormy altar of Qazlal.
  4006 | D:4      | Found a glowing golden altar of the Shining One.
  4006 | D:4      | Found a bloodstained altar of Trog.
  4050 | D:4      | Reached XP level 6. HP: 52/53 MP: 3/12
  4137 | D:4      | Noticed Grinder
  4324 | D:4      | Found a glowing golden altar of the Shining One.
  4654 | D:4      | Learned a level 3 spell: Mephitic Cloud
  5208 | D:5      | Entered Level 5 of the Dungeon
  5362 | D:5      | Found Keefrefek's Armour Shop.
  5371 | D:5      | Reached skill level 5 in Poison Magic
  5505 | D:5      | Reached skill level 1 in Fighting
  5645 | D:5      | Reached XP level 7. HP: 55/65 MP: 8/13
  7098 | D:6      | Reached skill level 1 in Maces & Flails
  7801 | D:6      | Found a shadowy altar of Dithmenos.
  8073 | D:7      | Found a staircase to the Ecumenical Temple.
  8080 | Temple   | Entered the Ecumenical Temple
  9139 | D:7      | Reached XP level 8. HP: 51/78 MP: 1/14
  9475 | D:7      | Noticed a hippogriff
  9518 | D:7      | Killed a hippogriff
  9518 | D:7      | Reached skill level 5 in Maces & Flails
  9706 | D:7      | Noticed Blork the orc
  9712 | D:7      | Killed Blork the orc
  9719 | D:7      | Found a deep blue altar of Sif Muna.
  9870 | D:7      | Reached skill level 5 in Fighting
  9962 | D:8      | Got a crystal hunting sling
 10257 | D:8      | Found a radiant altar of Vehumet.
 10409 | D:8      | Found an iron altar of Okawaru.
 10437 | D:8      | Became a worshipper of Warmaster Okawaru
 10595 | D:8      | Reached XP level 9. HP: 97/97 MP: 5/15
 10741 | D:8      | Reached * piety under Okawaru
 10872 | D:8      | Reached skill level 1 in Invocations
 11453 | D:4      | Paralysed by Grinder for 3 turns
 11466 | D:4      | Killed Grinder
 11914 | D:9      | Found a basalt altar of Yredelemnul.
 12556 | D:9      | Found Idoluerre's Food Emporium.
 12583 | D:9      | Found a staircase to the Orcish Mines.
 12583 | D:9      | Noticed a troll
 12626 | D:9      | Reached ** piety under Okawaru
 12661 | D:9      | Killed a troll
 12778 | D:9      | Reached XP level 10. HP: 107/107 MP: 5/16
 13506 | D:9      | Reached *** piety under Okawaru
 13807 | D:10     | Entered Level 10 of the Dungeon
 14616 | D:10     | Reached skill level 10 in Maces & Flails
 14727 | D:10     | Noticed a gargoyle
 14736 | D:10     | Killed a gargoyle
 14736 | D:10     | Reached **** piety under Okawaru
 14736 | D:10     | Reached skill level 10 in Fighting
 14794 | D:10     | Noticed Urug
 14804 | D:10     | Killed Urug
 14930 | D:10     | Reached skill level 1 in Armour
 15177 | D:10     | Reached XP level 11. HP: 120/120 MP: 17/17
 15408 | D:10     | Noticed an unseen horror
 15418 | D:10     | Killed an unseen horror
 15418 | D:10     | Reached ***** piety under Okawaru
 15547 | D:11     | Noticed a death yak
 15588 | D:10     | Killed a death yak
 15885 | D:11     | Noticed Fannar
 15911 | D:11     | Killed Fannar
 15911 | D:11     | Reached skill level 5 in Armour
 16037 | D:11     | Noticed an oklob plant
 16810 | D:11     | Noticed a cyclops
 16814 | D:11     | Found a portal to a secret trove of treasure.
 16832 | D:11     | Killed a cyclops
 17837 | D:11     | Found a staircase to the Lair.
 17985 | D:11     | Noticed an oklob plant
 18021 | D:11     | Received a gift from Okawaru
 18488 | D:11     | Found Ciluv's Weapon Emporium.
 18594 | D:11     | Noticed a red ugly thing
 18601 | D:11     | Killed a red ugly thing
 18601 | D:11     | Reached XP level 12. HP: 132/132 MP: 18/18
 18614 | D:11     | Noticed a deep troll earth mage
 18624 | D:11     | HP: 5/132 [deep troll earth mage/blast of rock fragments (29)]
 18627 | D:11     | Killed a deep troll earth mage
 19422 | D:11     | Noticed a two-headed ogre
 19529 | D:10     | Killed a two-headed ogre
 21174 | Lair:1   | Entered Level 1 of the Lair of Beasts
 21531 | Lair:1   | Found a shimmering altar of Xom.
 22282 | Lair:1   | Noticed Nergalle
 23089 | Lair:1   | Received a gift from Okawaru
 23937 | Lair:1   | Killed Nergalle
 23937 | Lair:1   | Reached XP level 13. HP: 140/141 MP: 17/19
 26834 | Lair:1   | Reached skill level 5 in Invocations
 28515 | Lair:2   | Got a translucent granite ring
 28517 | Lair:2   | Identified the ring of Ala Ramm {rN+ Int+5} (You found it on level 2 of the Lair of Beasts)
 28807 | Lair:3   | Received a gift from Okawaru
 29777 | Lair:3   | Reached skill level 15 in Fighting
 29977 | Lair:3   | Received a gift from Okawaru
 30786 | Lair:3   | Found a staircase to the Shoals.
 30798 | Lair:3   | Reached XP level 14. HP: 136/159 MP: 20/20
 31408 | Lair:4   | Found a staircase to the Snake Pit.
 33001 | D:12     | Reached skill level 15 in Maces & Flails
 33173 | D:12     | Noticed Erolcha
 33310 | D:12     | Killed Erolcha
 33475 | D:12     | Received a gift from Okawaru
 33476 | D:12     | Got a crude robe {god gift}
 33487 | D:12     | Identified the +2 robe "Heasugow" {rElec rF- rN+ Str+6} (Okawaru gifted it to you on level 12 of the Dungeon)
 34033 | D:12     | Noticed Rupert
 34085 | D:12     | Noticed Frances
 34104 | D:12     | Killed Frances
 34434 | Orc:1    | Entered Level 1 of the Orcish Mines
 35305 | Orc:1    | Found Apuottiz's Assorted Antiques.
 35507 | Orc:2    | Entered Level 2 of the Orcish Mines
 35738 | Orc:2    | Noticed Saint Roka
 36955 | Orc:2    | Killed Saint Roka
 37421 | Orc:1    | Noticed Sonja
 37429 | Orc:1    | Killed Sonja
 38810 | Orc:2    | Noticed Snorg
 38813 | Orc:2    | Noticed Nessos
 38880 | Orc:2    | Killed Snorg
 38950 | Orc:2    | Found a staircase to the Elven Halls.
 38978 | Orc:2    | Killed Nessos
 39414 | Orc:2    | Paralysed by an orc sorcerer for 2 turns
 39500 | Orc:2    | Paralysed by an orc sorcerer for 3 turns
 39540 | Orc:2    | Found an ancient bone altar of Kikubaaqudgha.
 39571 | Orc:2    | Found Ohepreus's Book Shop.
 39631 | Orc:2    | Received a gift from Okawaru
 39631 | Orc:2    | Reached XP level 15. HP: 170/170 MP: 21/21
 39632 | Orc:2    | Got a translucent troll leather armour {god gift}
 39663 | Orc:2    | Found a radiant altar of Vehumet.
 39693 | Orc:2    | Identified the +2 troll leather armour of Limited Liability {rPois rF+ Regen+ Slay-3} (Okawaru gifted it to you on level 2 of the Orcish Mines)
 39714 | Orc:2    | Found a roughly hewn altar of Beogh.
 39714 | Orc:2    | Found Wuskol's Magic Scroll Shop.
 39721 | Orc:2    | Found Egre's Antique Weapon Boutique.
 39737 | Orc:2    | Found Sivod's Antique Armour Boutique.
 40667 | D:13     | Found a frozen archway.
 40825 | IceCv    | Entered an ice cave
 41539 | IceCv    | Got a crude hat
 41557 | IceCv    | Identified the cursed +0 hat "Arukya" {rPois rF+} (You found it in an ice cave)
 42811 | D:13     | Got a polished short sword
 43659 | D:14     | Found a white marble altar of Elyvilon.
 43944 | D:14     | Noticed Josephine
 43973 | D:13     | Killed Josephine
 44421 | D:14     | HP: 7/175 [freezing wraith (11)]
 44648 | D:14     | Found an ancient bone altar of Kikubaaqudgha.
 44834 | D:14     | Found a gate to the Vaults.
 45084 | D:15     | Entered Level 15 of the Dungeon
 45512 | D:15     | Noticed Louise
 45545 | D:15     | Killed Louise
 45773 | D:15     | Received a gift from Okawaru
 45782 | D:15     | Reached XP level 16. HP: 114/185 MP: 22/22
 46041 | D:15     | HP: 3/185 [acid (9)]
 46041 | D:15     | Demolished by a brown ugly thing

Skill      XL: |  1  2  3  4  5  6  7  8  9 10 11 12 13 14 15 |
---------------+----------------------------------------------+-----
Conjurations   | 1 2 3 |  3.1
Poison Magic   | 3 4 5 |  5.2
Spellcasting   | 3 4 |  4.0
Fighting       | 2 4 8 9 11 12 15 16 17 | 17.6
Maces & Flails | 4 5 7 10 11 14 16 17 | 17.7
Invocations    | 4 7 9 |  9.0
Armour         | 2 5 |  5.4
Dodging        | 4 |  4.4
Stealth        | |  1.4

Action                   |  1- 3 |  4- 6 |  7- 9 | 10-12 | 13-15 | 16-18 || total
-------------------------+-------+-------+-------+-------+-------+-------++-------
Melee: Dagger            |    24 |     4 |       |       |       |       ||    28
       Mace              |       |    80 |   290 |    99 |       |       ||   469
       Giant spiked club |       |       |     8 |       |    20 |    23 ||    51
       Staff             |       |       |     2 |       |       |       ||     2
       Giant club        |       |       |       |   209 |   185 |       ||   394
       Flail             |       |       |       |   150 |   943 |       ||  1093
       Punch             |       |       |       |     1 |     1 |       ||     2
       Whip              |       |       |       |       |   964 |       ||   964
 Cast: Sting             |    78 |   137 |    23 |       |       |       ||   238
       Poisonous Vapours |       |     7 |    85 |   168 |       |       ||   260
       Mephitic Cloud    |       |       |     4 |     7 |     1 |       ||    12
Invok: Heroism           |       |       |       |     7 |    23 |     1 ||    31
       Finesse           |       |       |       |       |     5 |       ||     5
Evoke: Wand              |       |       |     2 |    18 |    10 |       ||    30
       Phial of floods   |       |       |       |       |     1 |       ||     1
  Use: Scroll            |       |     5 |    10 |     5 |    15 |       ||    35
       Potion            |       |       |       |     4 |     2 |       ||     6
 Stab: Paralysed         |       |       |     4 |    18 |     9 |       ||    31
       Sleeping          |       |       |       |     2 |     2 |       ||     4
       Confused          |       |       |       |     1 |     2 |       ||     3
       Invisible         |       |       |       |       |     7 |       ||     7
  Eat: Chunk             |     4 |     9 |    28 |    45 |    68 |     2 ||   156
       Ration            |       |     1 |     1 |       |       |       ||     2
Armor: Robe              |    10 |    25 |    55 |    56 |   272 |       ||   418
       Troll leather arm |       |       |       |    30 |   264 |     3 ||   297
       Skin              |       |       |       |    23 |       |       ||    23
Dodge: Dodged            |     9 |    57 |   158 |   229 |   558 |    13 ||  1024
Block: Shield            |       |       |       |       |   576 |       ||   576
